 Dungeon Crawl Stone Soup version 0.27.1-16-g815e20cd7a (webtiles) character file.

Game seed: 8934255201714891433

34 riftmaster1123 the Skirmisher (level 3, 0/29 HPs)
             Began as a Demonspawn Berserker on Nov 23, 2021.
             Was a Follower of Trog.
             Slain by an adder (1 damage)
             ... on level 3 of the Dungeon.
             The game lasted 00:08:26 (1407 turns).

riftmaster1123 the Skirmisher (DsBe)                Turns: 1407, Time: 00:08:26

Health: 0/29       AC:  3    Str: 17    XL:     3   Next: 14%
Magic:  3/3        EV: 11    Int:  8    God:    Trog [*.....]
Gold:   21         SH:  3    Dex: 13    Spells: 2/2 levels left

rFire    . . .     SeeInvis .   b - +1 flail (venom)
rCold    . . .     Faith    .   h - +0 buckler
rNeg     . . .     Spirit   .   f - +0 leather armour
rPois    .         Reflect  .   (no helmet)
rElec    .         Harm     .   (no cloak)
rCorr    .         Rampage  .   (no gloves)
Will     .....                  (no boots)
Stlth    +.........             i - amulet of the acrobat
HPRegen  0.09/turn              (no ring)
MPRegen  0.08/turn              (no ring)

@: brilliant, lethally poisoned (0 -> -3), flying
A: talons 1, demonic guardian 1, screaming 1, sturdy frame 1
a: Renounce Religion, Berserk


You were on level 3 of the Dungeon.
You worshipped Trog.
Trog was aware of your devotion.
You visited 1 branch of the dungeon, and saw 3 of its levels.

You collected 21 gold pieces.

Inventory:

Hand Weapons
 b - a +1 flail of venom (weapon)
 l - a +0 hand axe
Missiles
 c - 89 stones (quivered)
Armour
 f - a +0 leather armour (worn)
 h - a +0 buckler (worn)
Jewellery
 i - an amulet of the acrobat (around neck)
Scrolls
 d - a scroll of identify {unknown}
 k - a scroll of enchant weapon {unknown}
Potions
 a - a potion of cancellation {unknown}
 e - a potion of flight
 g - a potion of mutation


   Skills:
 + Level 3.5 Fighting
 + Level 3.0 Polearms
 * Level 1.8 Armour
 * Level 2.3 Dodging
 * Level 0.1 Shields


You had 2 spell levels left.
You didn't know any spells.
Your spell library was empty.

Dungeon Overview and Level Annotations

Branches:
Dungeon (3/15)

Altars:

Shops:
D:1 !


Innate Abilities, Weirdness & Mutations

You have sharp toenails.
A weak demonic guardian rushes to your aid.
You occasionally shout uncontrollably at your foes.
Your movements are slightly less encumbered by armour. (ER -2)


Message History

You block the adder's attack. The adder barely misses you.
You miss the adder. The adder barely misses you.
You barely miss the adder. Your kick misses the adder.
The adder completely misses you. The adder bites you.
You are poisoned.
The adder poisons you!
You hit the adder.
The adder is heavily wounded.
You feel sick. The adder bites you but does no damage.
The adder barely misses you.
You closely miss the adder. Your kick misses the adder.
The adder is heavily wounded.
You feel sick. The adder bites you.
You are more poisoned.
The adder poisons you! You block the adder's attack.
You barely miss the adder. Your kick misses the adder.
The adder is heavily wounded.
You feel sick. The adder bites you. The adder bites you but does no damage.
You closely miss the adder.
The adder is heavily wounded.
You feel sick. The adder bites you. x2
* * * LOW HITPOINT WARNING * * *
It was a potion of flight.
You feel very buoyant.
You fly up into the air.
You feel sick. The adder bites you.
* * * LOW HITPOINT WARNING * * *
A demonic guardian appears!
You are lethally poisoned!
The adder poisons you!
It was a potion of mutation.
You feel extremely strange.
You feel the urge to shout.
You feel less encumbered by your armour.
* * * LOW HITPOINT WARNING * * *
You feel sick. The adder barely misses you. The adder bites you.
* * * LOW HITPOINT WARNING * * *
It was a potion of brilliance.
You feel clever all of a sudden.
* * * LOW HITPOINT WARNING * * *
You feel sick. The adder bites you.
You die...

########
#).!...
#.....#
#.....#
#..5..#
#.S@..#
#####.....# #
..........#.#
#####.#.#.#.#
#..#.....#
###.###...##
#$.....<###
#.####### #.


You could see an adder (ally target) and a friendly iron imp (summoned).

Vanquished Creatures
  A gnoll (D:1)
  A ball python (D:1)
  2 bats (D:1)
  4 endoplasms (D:1)
  3 giant cockroaches
  A hobgoblin (D:1)
  2 quokkas
  2 frilled lizards
  2 goblins (D:1)
  2 kobolds
  2 rats
22 creatures vanquished.

Vanquished Creatures (collateral kills)
  A jackal skeleton (D:2)
1 creature vanquished.

Grand Total: 23 creatures vanquished

Notes
Turn   | Place    | Note
-------+----------+-------------------------------------------
     0 | D:1      | riftmaster1123 the Demonspawn Berserker began the quest for
                  | the Orb.
     0 | D:1      | Reached XP level 1. HP: 18/18 MP: 1/1
   236 | D:1      | Gained mutation: A weak demonic guardian rushes to your
                  | aid. [demonic ancestry]
   236 | D:1      | Reached XP level 2. HP: 4/24 MP: 2/2
   464 | D:1      | Found Uphext's Distillery.
   778 | D:1      | Gained mutation: You have sharp toenails. [demonic
                  | ancestry]
   778 | D:1      | Reached XP level 3. HP: 14/29 MP: 3/3
  1406 | D:3      | Gained mutation: You occasionally shout uncontrollably at
                  | your foes. [potion of mutation]
  1406 | D:3      | Gained mutation: Your movements are slightly less
                  | encumbered by armour. (ER -2) [potion of mutation]
  1407 | D:3      | HP: 1/29 [poisoned by an adder]
  1407 | D:3      | Slain by an adder

Illustrated notes

Levels and vault maps discovered:
D:1:      dpeg_arrival_chambers_temple_mockup, layout_basic, serial_shops, shop
D:2:      layout_basic, shapermc_ecumenical_altar_hornbeckon
D:3:      layout_loops_ring, serial_shops, shop, minmay_crystal_room,
          uniq_crazy_yiuf_cottage, uniq_sigmund, uniq_robin, uniq_ijyb,
          uniq_natasha

Skill      XL: |  1  2 |
---------------+-------+-----
Dodging        | 2 |  2.3
Polearms       | 3 |  3.0
Fighting       | |  3.5
Armour         | |  1.8
Shields        | |  0.1

Action                   || total
-------------------------++-------
Melee: Spear             ||    86
       Flail             ||     7
       Kick              ||     4
Throw: Stone             ||     1
Invok: Berserk           ||     1
  Use: Potion            ||     3
Armor: Animal skin       ||     4
       Leather armour    ||    10
Dodge: Dodged            ||    49
Block: Buckler           ||     6
